 Dungeon Crawl Stone Soup version 0.28-a0-1415-g7c84da036a (webtiles) character file.

Game seed: 8707112141064074161

130543 benappo the Eclecticist (level 17, -9/125 HPs)
             Began as a Djinni Conjurer on Jan 6, 2022.
             Was an Elder of Nemelex Xobeh.
             Killed from afar by Asterion the storm dragon (33 damage)
             ... with a bolt of lightning
             ... on level 3 of the Snake Pit on Jan 7, 2022.
             The game lasted 01:53:47 (35293 turns).

benappo the Eclecticist (Djinni Conjurer)          Turns: 35293, Time: 01:53:48

Health: -9/125     AC: 14    Str: 10    XL:     17   Next: 64%
Gold:   2667       EV: 11    Int: 34    God:    Nemelex Xobeh [****..] SH: 10 Dex:  8

rFire   + + +      SeeInvis .   V - +8 trident of the Thieving Wolf {antimagic, rC+ rN+ Will++ Dex-4}
rCold   + . .      Faith    .   A - +0 buckler
rNeg    + . .      Spirit   .   C - +0 troll leather armour
rPois   ∞          Reflect  +   U - +0 helmet {Int+3}
rElec   .          Harm     .   d - +0 cloak
rCorr   .          Rampage  .   n - +1 pair of gloves
Will    ++++.                   (boots unavailable)
Stlth   +.........              Q - amulet of reflection
HPRegen 1.10/turn               m - ring "Seja Bia" {rPois rC+ Will+ Int+4}
MPRegen 0.00/turn               R - ring "Rigeamov" {rPois rF++ AC+4 Int+3}

@: flying, studying Staves
A: sickness immunity, fire resistance 2, cold vulnerability 1, float, innate
caster, hp casting, extra vitality 1
a: Renounce Religion, Draw Escape, Draw Destruction, Draw Summoning, Triple
Draw, Deal Four


You were on level 3 of the Snake Pit.
You worshipped Nemelex Xobeh.
Nemelex Xobeh was greatly pleased with you.
You visited 5 branches of the dungeon, and saw 26 of its levels.
You also visited: Ice Cave.

You collected 3109 gold pieces.
You spent 442 gold pieces at shops.

Inventory:

Hand Weapons
 H - the +2 war axe "Hadinuni" {venom, rElec Dex+4 Stlth+}
   (You found it on level 1 of the Orcish Mines)

   It poisons the flesh of those it strikes.
   Dex:       It affects your dexterity (+4).
   rElec:     It insulates you from electricity.
   Stlth:     It makes you more stealthy.
 V - the +8 trident of the Thieving Wolf (weapon) {antimagic, rC+ rN+ Will++ Dex-4}
   (You bought it in a shop on level 2 of the Orcish Mines)

   It reduces the magical energy of the wielder, and disrupts the spells and
   magical abilities of those it strikes.
   Natural abilities and divine invocations are not affected.
   Dex:       It affects your dexterity (-4).
   rC:        It protects you from cold.
   rN:        It protects you from negative energy.
   Will:      It greatly increases your willpower.
Missiles
 e - 3 silver javelins
 h - 9 atropa-tipped darts
 q - 13 javelins
 F - 6 silver boomerangs
 O - 3 throwing nets
Armour
 a - a +1 kite shield of fire resistance
 d - a +0 cloak (worn)
 n - a +1 pair of gloves (worn)
 A - a +0 buckler (worn)
 C - a +0 troll leather armour (worn)
 L - +0 acid dragon scales
 U - a +0 helmet of intelligence (worn)
Jewellery
 f - a ring of positive energy
 m - the ring "Seja Bia" (left hand) {rPois rC+ Will+ Int+4}
   (You took it off a goblin on level 3 of the Dungeon)

   [ring of poison resistance]

   Int:       It affects your intelligence (+4).
   rC:        It protects you from cold.
   rPois:     It protects you from poison.
   Will:      It increases your willpower.
 t - a ring of resist corrosion
 G - a +6 ring of intelligence
 Q - an amulet of reflection (around neck)
 R - the ring "Rigeamov" (right hand) {rPois rF++ AC+4 Int+3}
   (You acquired it on level 5 of the Lair of Beasts)

   [ring of protection]

   AC:        It affects your AC (+4).
   Int:       It affects your intelligence (+3).
   rF:        It greatly protects you from fire.
   rPois:     It protects you from poison.
 T - a ring of ice
Wands
 v - a wand of iceblast (29)
 w - a wand of digging (9)
 x - a wand of paralysis (10)
 y - a wand of acid (26)
 D - a wand of flame (37)
Scrolls
 c - 4 scrolls of immolation
 l - 4 scrolls of magic mapping
 o - 8 scrolls of fog
 u - a scroll of blinking
 z - 17 scrolls of teleportation
 B - 2 scrolls of enchant weapon
 E - a scroll of fear
 K - a scroll of holy word
 N - a scroll of silence
 P - 10 scrolls of identify
Potions
 b - 5 potions of curing
 g - 8 potions of might
 j - 3 potions of brilliance
 k - 2 potions of mutation
 p - 4 potions of resistance
 r - 2 potions of haste
 s - 2 potions of cancellation
 I - a potion of attraction


   Skills:
 * Level 12.9 Fighting
 - Level 0.2 Polearms
 - Level 6.6 Armour
 - Level 2.1 Dodging
 - Level 1.5 Stealth
 * Level 7.7 Shields
 - Level 17.4 Spellcasting
 * Level 13.1 Invocations


You had 6 spell levels left.
You knew the following spells:

 Your Spells              Type           Power      Damage    Failure   Level
a - Magic Dart            Conj           100%       1d8       0%          1
b - Searing Ray           Conj           100%       2d8       0%          2
c - Dazzling Flash        Conj/Hex       100%       N/A       0%          3
d - Fulminant Prism       Conj/Hex       49%        3d21      0%          4
e - Iskenderun's Mystic   Conj/Tloc      99%        2d19      0%          4
f - Apportation           Tloc           100%       N/A       0%          1
g - Wereblood             Tmut           99%        N/A       0%          2
h - Summon Guardian Gole  Hex/Summ       99%        N/A       0%          3
i - Swiftness             Air            99%        N/A       0%          3
j - Animate Armour        Summ/Erth      100%       N/A       0%          4
k - Iskenderun's Battles  Conj           99%        2d15      1%          5
l - Conjure Ball Lightni  Conj/Air       49%        3x3d17    1%          6
m - Iron Shot             Conj/Erth      49%        9d9       1%          6
Your spell library was empty.

Dungeon Overview and Level Annotations

Branches:
Dungeon (14/15)            Temple (1/1) D:4            Lair (6/6) D:8
  Snake (3/4) Lair:4       Spider (0/4) Lair:2        Slime (0/5) Lair:6
    Orc (2/2) D:9             Elf (0/3) Orc:2        Vaults (0/5) D:13
  IceCv (visited)

Altars:
Ashenzari
Cheibriados
Dithmenos
Elyvilon
Fedhas
Gozag
Hepliaklqana
Kikubaaqudgha
Makhleb
Nemelex Xobeh
Okawaru
Qazlal
Ru
Sif Muna
Trog
Uskayaw
Vehumet
Wu Jian
Xom
Yredelemnul
Zin
The Shining One
Beogh

Shops:
D:9 *   D:10 *   Orc:2 *[[(   Snake:2 (

Annotations:
D:6 2 runed translucent doors
D:8 2 transporters, Yorgos's ghost, novice DsBe
D:14 2 transporters
Lair:1 exclusion: oklob plant
Snake:1 2 transporters
Snake:3 Asterion


Innate Abilities, Weirdness & Mutations

You are immune to sickness and miasma.
You are immune to poison.
Your flesh is very heat resistant. (rF++)
You are vulnerable to cold. (rC-)
You float through the air rather than walking.
You learn spells naturally, not from books.
Your magical power is your life essence.
You have superior vitality. (+4 MHP)


Message History

Confirm with . or Enter, or press ? or * to list all spells.
You erupt in a blast of force!
The mystic blast hits the naga!
The naga is heavily wounded.
The naga is knocked back by the mystic blast.
The mystic blast hits the redback!
The redback is severely wounded.
The redback is knocked back by the mystic blast.
The redback slams into the granite statue!
The redback is almost dead.
The mystic blast hits the naga warrior!
The naga warrior is heavily wounded.
The naga warrior is knocked back by the mystic blast.
The naga warrior slams into the stone wall!
The naga warrior is severely wounded.
The mystic blast hits the basilisk!!
You kill the basilisk!
* * * LOW HITPOINT WARNING * * *
An anaconda comes into view.
The naga warrior hits you from afar with a +0 glaive.
* * * LOW HITPOINT WARNING * * *
Your basilisk barely misses the redback.
Your raiju bites Asterion!
Your raiju shocks Asterion.
Asterion completely resists.
Blink to where?
Press: ? - help, Dir - move target
As you read the scroll of blinking, it crumbles to dust.
The redback barely misses your basilisk.
Asterion barely misses your raiju. Asterion claws your raiju.
Asterion misses your raiju. The redback misses your basilisk.
Your raiju misses Asterion.
Your basilisk bites the redback!
The redback dies!
Asterion breathes lightning at you. The bolt of lightning hits your raiju.
Your raiju completely resists.
The bolt of lightning hits your basilisk!!
Your basilisk dies!
Your basilisk's corpse disappears in a puff of smoke!
The bolt of lightning hits you!!
You die...
Your body glows with a rainbow of weird colours and disappears.

#. #. .[
##.## #..S
#######..
##.8.##..#
#..)..#.S#
#8†@§hDN.#
#.....#NN#
##.8.##..#
#######..
#.. ##. ..


You could see Asterion the storm dragon (catching breath, misshapen, ally
target), a naga warrior, an anaconda, 2 nagas and a friendly raiju (summoned).

Vanquished Creatures
  Rupert (D:13)
  Donald (Orc:2)
  An orc warlord (Orc:2)
  A fire giant (Orc:1)
  An emperor scorpion (Lair:4)
  Aizul (Snake:1)
  3 ettins (Orc:1)
  Harold (Lair:2)
  A rakshasa (D:14)
  4 hydras
  6 naga warriors
  Erolcha (D:13)
  A boulder beetle (D:12)
  3 catoblepae
  A centaur warrior (D:14)
  2 anacondas
  3 two-headed ogres
  6 death yaks (Lair:4)
  An orc high priest (Orc:2)
  2 shock serpents (Snake:2)
  Urug (Lair:3)
  Nergalle (D:11)
  4 naga sharpshooters
  A death drake (Lair:6)
  A sea snake (Snake:1)
  3 mana vipers
  4 lindwurms (Lair:3)
  A wolf spider (Lair:6)
  A deep elf pyromancer (D:9)
  An orc knight (Orc:2)
  8 ugly things
  2 orc sorcerers (Orc:2)
  18 cyclopes
  10 elephants
  3 manticores
  Maurice (Orc:2)
  5 salamanders
  A guardian serpent (shapeshifter) (D:14)
  An eye of devastation (D:13)
  5 guardian serpents
  23 black mambas
  4 molten gargoyles (D:13)
  2 naga magi
  2 kobold demonologists (D:13)
  An unseen horror (D:11)
  A gargoyle (D:13)
  4 rime drakes
  22 cane toads
  8 komodo dragons
  2 tengu conjurers (D:14)
  An entropy weaver simulacrum (IceCv)
  A freezing wraith (D:14)
  3 meliai (D:13)
  4 trolls
  5 polar bears
  A wind drake (Lair:6)
  2 queen bees
  4 hornets
  A snapping turtle (Orc:1)
  13 slime creatures
  24 blink frogs
  3 jumping spiders (Lair:2)
  3 wraiths
  A vampire (D:14)
  12 humans (D:13)
  26 yaks
  A spriggan (Lair:4)
  12 wyverns
  11 basilisks
  A golden eye (D:13)
  Grum (D:11)
  3 steam dragons
  4 vampire mosquitoes (D:11)
  3 redbacks (Lair:2)
  A death yak simulacrum (Orc:1)
  10 wargs
  Edmund (D:5)
  29 water moccasins
  3 acid dragons
  14 nagas
  3 demonic crawler simulacra (IceCv)
  4 black bears
  A swamp drake (Orc:1)
  An ice beast (Lair:6)
  20 orc warriors
  3 sky beasts (D:7)
  9 ogres
  2 ugly thing simulacra (IceCv)
  5 boggarts
  10 centaurs
  38 wolves
  6 kobold brigands
  2 glowing shapeshifter simulacra (IceCv)
  2 gnoll sergeants
  11 bullfrogs
  A wyvern zombie (D:9)
  2 two-headed ogre simulacra (Orc:1)
  A scorpion (D:8)
  A cane toad simulacrum (Orc:1)
  An elephant simulacrum (Orc:1)
  8 wights (D:7)
  23 killer bees
  7 howler monkeys
  4 centaur zombies
  A bullfrog zombie (D:5)
  3 hounds
  A centaur skeleton (D:5)
  2 gnoll shamans (D:6)
  13 orc priests
  4 jellies
  3 bullfrog skeletons
  Jessica (D:3)
  22 orc wizards
  6 iguanas
  6 hell rats (Lair:6)
  2 spriggan simulacra (Orc:1)
  A troll simulacrum (Orc:1)
  A hound skeleton (D:4)
  2 howler monkey zombies
  9 gnolls
  8 adders
  2 white imps
  3 ufetubi
  4 dart slugs
  93 orcs
  4 ball pythons
  4 bats
  6 endoplasms
  3 giant cockroaches
  8 goblins
  5 hobgoblins
  11 jackals
  22 kobolds
  2 quokkas
  A frilled lizard (D:1)
  8 rats
  A fire vortex (Orc:1)
807 creatures vanquished.

Vanquished Creatures (collateral kills)
  Louise (Snake:1)
  2 naga warriors (Snake:3)
  A tengu warrior (D:9)
  3 naga sharpshooters (Snake:2)
  A shock serpent (Snake:1)
  A fire crab (D:13)
  A naga ritualist (Snake:2)
  2 orc knights (Orc:2)
  4 elephants (Lair:5)
  A cyclops (Orc:1)
  An ugly thing (D:9)
  A black mamba (Lair:5)
  A naga mage (Snake:2)
  A freezing wraith (D:13)
  A hornet (D:13)
  A human (D:13)
  A hog (shapeshifter) (D:11)
  A redback (Snake:3)
  2 wargs
  7 nagas
  3 orc warriors (Orc:2)
  An ice beast (Snake:1)
  An ogre (Orc:1)
  An orc priest (Orc:2)
  An orc wizard (D:11)
  6 orcs
47 creatures vanquished.

Vanquished Creatures (others)
  A gargoyle (D:7)
  A naga (Lair:4)
  A centaur (D:11)
  An iguana (D:6)
  27 fulminant prisms
  74 fungi
  91 plants
196 creatures vanquished.

Grand Total: 1050 creatures vanquished

Notes
Turn   | Place    | Note
-------+----------+-------------------------------------------
     0 | D:1      | benappo the Djinni Conjurer began the quest for the Orb.
     0 | D:1      | Reached XP level 1. HP: 15/15 MP: 0/0
   244 | D:1      | Reached XP level 2. HP: 3/21 MP: 0/0
   620 | D:1      | Reached XP level 3. HP: 22/26 MP: 0/0
   620 | D:1      | Learned a level 1 spell: Apportation
  1075 | D:1      | Reached skill level 4 in Spellcasting
  2064 | D:2      | Reached XP level 4. HP: 23/31 MP: 0/0
  2159 | D:2      | Reached skill level 1 in Fighting
  2683 | D:2      | Found a faded altar of an unknown god.
  3092 | D:2      | Reached XP level 5. HP: 23/37 MP: 0/0
  3092 | D:2      | Learned a level 2 spell: Wereblood
  3321 | D:3      | Identified the ring "Seja Bia" {rPois rC+ Will+ Int+4}
  3616 | D:3      | Found a snail-covered altar of Cheibriados.
  3985 | D:3      | Noticed Jessica
  3994 | D:3      | Killed Jessica
  3995 | D:3      | Reached skill level 5 in Spellcasting
  4130 | D:3      | Found a stormy altar of Qazlal.
  4130 | D:3      | Found a sacrificial altar of Ru.
  4130 | D:3      | Found a glowing silver altar of Zin.
  4142 | D:3      | Found a shimmering altar of Xom.
  4145 | D:3      | Found an iron altar of Okawaru.
  4477 | D:4      | Reached XP level 6. HP: 41/42 MP: 0/0
  5440 | D:4      | Found a staircase to the Ecumenical Temple.
  5448 | Temple   | Entered the Ecumenical Temple
  5682 | Temple   | Became a worshipper of Nemelex Xobeh the Trickster
  5812 | D:4      | Reached XP level 7. HP: 17/48 MP: 0/0
  5812 | D:4      | Learned a level 3 spell: Summon Guardian Golem
  6157 | D:4      | Reached skill level 6 in Spellcasting
  6713 | D:5      | Entered Level 5 of the Dungeon
  7163 | D:5      | Found an opulent altar of Gozag.
  7208 | D:5      | Reached XP level 8. HP: 18/55 MP: 0/0
  7794 | D:5      | Reached skill level 7 in Spellcasting
  8017 | D:5      | Noticed Edmund
  8031 | D:5      | Killed Edmund
  8487 | D:6      | Reached skill level 8 in Spellcasting
  8878 | D:6      | Reached * piety under Nemelex Xobeh
  8885 | D:6      | Found a runed translucent door.
  8889 | D:6      | Found a runed translucent door.
  8987 | D:6      | Received a gift from Nemelex Xobeh
  9148 | D:6      | Reached XP level 9. HP: 48/60 MP: 0/0
  9148 | D:6      | Learned a level 3 spell: Swiftness
  9977 | D:7      | Reached skill level 9 in Spellcasting
 10343 | D:7      | Reached skill level 1 in Invocations
 11650 | D:7      | Noticed a gargoyle
 11663 | D:7      | Killed a gargoyle
 11664 | D:7      | Reached skill level 10 in Spellcasting
 11664 | D:7      | Reached XP level 10. HP: 65/67 MP: 0/0
 11679 | D:7      | Reached ** piety under Nemelex Xobeh
 11849 | D:7      | Identified the +8 dagger "Kocvaquni" {protect, rN+ Int-4
                  | Dex+3}
 11858 | D:7      | Received a gift from Nemelex Xobeh
 12056 | D:8      | Reached skill level 11 in Spellcasting
 12894 | D:8      | Found a staircase to the Lair.
 13398 | D:8      | Found a transporter.
 13428 | D:8      | Found a transporter.
 13429 | D:8      | Noticed Yorgos's ghost (novice DsBe)
 14098 | D:8      | Reached skill level 1 in Shields
 14553 | D:9      | Found Uzureada's Elemental Accessories.
 14669 | D:9      | Reached *** piety under Nemelex Xobeh
 14730 | D:9      | Reached skill level 5 in Fighting
 14730 | D:9      | Reached XP level 11. HP: 55/75 MP: 0/0
 14730 | D:9      | Learned a level 4 spell: Animate Armour
 14917 | D:9      | Noticed a deep elf pyromancer
 15079 | D:9      | Found a staircase to the Orcish Mines.
 15221 | D:9      | Found a white marble altar of Elyvilon.
 15222 | D:9      | Found a hide-covered altar of Uskayaw.
 15335 | D:9      | Noticed a six-headed hydra
 15335 | D:9      | Noticed a fire dragon
 15336 | D:9      | Noticed a red ugly thing
 15338 | D:9      | Killed a deep elf pyromancer
 15361 | D:9      | Noticed a tengu warrior
 15382 | D:9      | Killed a tengu warrior
 15383 | D:9      | Reached skill level 5 in Invocations
 15385 | D:9      | Killed a red ugly thing
 15706 | D:9      | Killed a six-headed hydra
 16612 | D:10     | Entered Level 10 of the Dungeon
 16665 | D:10     | Received a gift from Nemelex Xobeh
 16858 | D:10     | Reached skill level 1 in Armour
 16894 | D:10     | Found a bloodstained altar of Trog.
 17070 | D:10     | Received a gift from Nemelex Xobeh
 17197 | D:10     | Reached **** piety under Nemelex Xobeh
 17198 | D:10     | Found Wepiat's Assorted Antiques.
 17205 | D:10     | Bought a scroll labelled ROXKUM KIEWKAY for 32 gold pieces
 17736 | D:11     | Noticed Nergalle
 17750 | D:11     | Killed Nergalle
 17751 | D:11     | Reached XP level 12. HP: 82/85 MP: 0/0
 17755 | D:11     | Noticed Grum
 17760 | D:11     | Killed Grum
 17860 | D:11     | Found a sparkling altar of Nemelex Xobeh.
 18214 | Lair:1   | Entered Level 1 of the Lair of Beasts
 18955 | Lair:2   | Received a gift from Nemelex Xobeh
 18961 | Lair:2   | Noticed an eight-headed hydra
 18967 | Lair:2   | Killed an eight-headed hydra
 18968 | Lair:2   | Reached skill level 5 in Armour
 19003 | Lair:2   | Noticed Harold
 19015 | Lair:2   | Killed Harold
 19137 | Lair:2   | Reached ***** piety under Nemelex Xobeh
 19145 | Lair:2   | Received a gift from Nemelex Xobeh
 19341 | Lair:2   | Found a hole to the Spider Nest.
 19407 | Lair:2   | Reached XP level 13. HP: 91/94 MP: 0/0
 19407 | Lair:2   | Learned a level 5 spell: Iskenderun's Battlesphere
 19901 | Lair:2   | Upgraded the game from 0.28-a0-1412-gf95308ed99 to
                  | 0.28-a0-1415-g7c84da036a
 20035 | Lair:3   | Noticed a catoblepas
 20064 | Lair:3   | Killed a catoblepas
 20259 | Lair:3   | Received a gift from Nemelex Xobeh
 20446 | Lair:3   | Received a gift from Nemelex Xobeh
 20656 | Lair:3   | Identified the +1 long sword "Tiwecuka" {antimagic, rN+
                  | Will+ Stlth+}
 20672 | Lair:3   | Received a gift from Nemelex Xobeh
 20748 | Lair:3   | Reached skill level 12 in Spellcasting
 20751 | Lair:3   | Noticed Urug
 20758 | Lair:3   | Killed Urug
 20896 | Lair:3   | Identified the +1 scythe of Moral Flaws {pain, rPois rF+
                  | Dex+4}
 21236 | Lair:4   | Noticed a catoblepas
 21236 | Lair:4   | Noticed a catoblepas
 21322 | Lair:4   | Reached skill level 10 in Fighting
 21421 | Lair:4   | Received a gift from Nemelex Xobeh
 21449 | Lair:4   | Reached skill level 13 in Spellcasting
 21622 | Lair:4   | Reached XP level 14. HP: 97/103 MP: 0/0
 21829 | Lair:4   | Found a staircase to the Snake Pit.
 21866 | Lair:4   | Noticed an emperor scorpion
 21866 | Lair:4   | a catoblepas changed into an emperor scorpion
 21881 | Lair:4   | Killed an emperor scorpion
 22467 | Lair:4   | Reached skill level 10 in Invocations
 22975 | Lair:5   | Received a gift from Nemelex Xobeh
 23075 | Lair:5   | Identified a scroll of acquirement
 23076 | Lair:5   | Acquired the ring "Rigeamov" {rPois rF++ AC+4 Int+3}
 23127 | Lair:5   | Reached skill level 14 in Spellcasting
 23893 | Lair:6   | Entered Level 6 of the Lair of Beasts
 24055 | Lair:6   | Found a staircase to the Slime Pits.
 24330 | Lair:6   | Received a gift from Nemelex Xobeh
 24690 | Lair:6   | Reached XP level 15. HP: 106/109 MP: 0/0
 24690 | Lair:6   | Learned a level 6 spell: Conjure Ball Lightning
 24741 | Lair:6   | Reached skill level 15 in Spellcasting
 25921 | Lair:6   | Received a gift from Nemelex Xobeh
 26129 | Orc:1    | Entered Level 1 of the Orcish Mines
 26289 | Orc:2    | Entered Level 2 of the Orcish Mines
 26314 | Orc:1    | Identified the +2 trident "Widowermaker" {vorpal, rPois}
 26600 | Orc:1    | Found a frozen archway.
 26612 | Orc:1    | Reached skill level 16 in Spellcasting
 26618 | IceCv    | Entered an ice cave
 27099 | Orc:1    | Received a gift from Nemelex Xobeh
 27114 | Orc:1    | Noticed a fire giant
 27122 | Orc:1    | Killed a fire giant
 27402 | Orc:1    | Found the +14 obsidian axe {vorpal, Mesm Drain Fly SInv}
 27408 | Orc:1    | Identified the +2 war axe "Hadinuni" {venom, rElec Dex+4
                  | Stlth+}
 27627 | Orc:2    | Found a staircase to the Elven Halls.
 27706 | Orc:1    | Noticed Fannar
 27708 | Orc:1    | Noticed Fannar
 27708 | Orc:1    | Fannar changed into Fannar the snapping turtle
 27713 | Orc:1    | Killed Fannar the snapping turtle
 27945 | Orc:2    | Received a gift from Nemelex Xobeh
 27962 | Orc:2    | Reached XP level 16. HP: 103/116 MP: 0/0
 27963 | Orc:2    | Found Ewiano's Assorted Antiques.
 28034 | Orc:2    | Noticed Donald
 28043 | Orc:2    | Killed Donald
 28116 | Orc:2    | Noticed Maurice
 28126 | Orc:2    | Killed Maurice
 28271 | Orc:2    | Found Moipreef's Armour Shoppe.
 28277 | Orc:2    | Bought a +0 helmet of intelligence for 161 gold pieces
 28579 | Orc:2    | Found Detha's Antique Weapon Shop.
 28583 | Orc:2    | Found Diatyxawn's Antique Armour Boutique.
 28595 | Orc:2    | Bought a bloodstained trident for 221 gold pieces
 28595 | Orc:2    | Identified the +8 trident of the Thieving Wolf {antimagic,
                  | rC+ rN+ Will++ Dex-4} (You bought it in a shop on level 2
                  | of the Orcish Mines)
 28747 | D:10     | Bought a grey potion for 28 gold pieces
 29034 | D:12     | Received a gift from Nemelex Xobeh
 29361 | D:12     | Received a gift from Nemelex Xobeh
 29739 | D:13     | Found a gate to the Vaults.
 29785 | D:13     | Reached skill level 17 in Spellcasting
 30289 | D:13     | Received a gift from Nemelex Xobeh
 30429 | D:13     | Noticed Erolcha
 30432 | D:13     | Killed Erolcha
 30499 | D:13     | Noticed Rupert
 30522 | D:13     | Killed Rupert
 30672 | D:14     | Reached skill level 5 in Shields
 31063 | D:14     | Received a gift from Nemelex Xobeh
 31304 | D:14     | Found a transporter.
 31312 | D:14     | Found a transporter.
 31567 | D:14     | Found a shimmering altar of Xom.
 31951 | Snake:1  | Entered Level 1 of the Snake Pit
 32007 | Snake:1  | Found a transporter.
 32097 | Snake:1  | Received a gift from Nemelex Xobeh
 32137 | Snake:1  | Reached XP level 17. HP: 119/123 MP: 0/0
 32137 | Snake:1  | Learned a level 6 spell: Iron Shot
 32521 | Snake:1  | Noticed Aizul
 32611 | Snake:1  | Killed Aizul
 32621 | Snake:1  | Noticed Louise
 32626 | Snake:1  | Killed Louise
 32743 | Snake:1  | Found a transporter.
 32880 | Snake:1  | Identified the ring of Circularity {Fly rElec rC+ Str+10
                  | Dex-3}
 33387 | Snake:2  | Received a gift from Nemelex Xobeh
 33808 | Snake:2  | Found Buphis's Weapon Boutique.
 35278 | Snake:3  | Noticed Asterion
 35287 | Snake:3  | Noticed Asterion
 35287 | Snake:3  | Asterion changed into Asterion the storm dragon
 35287 | Snake:3  | HP: 6/125 [Asterion the storm dragon/bolt of lightning
                  | (22)]
 35293 | Snake:3  | Killed from afar by Asterion the storm dragon

Illustrated notes

Levels and vault maps discovered:
D:1:      heliophobic_arrival_enchanted_forest, layout_loops_corners
D:2:      layout_basic, shapermc_ecumenical_altar_mp_vishouse, basic_altar,
          minmay_fountain_box, corexii_shack, minmay_3d_cube
D:3:      cheibrodos_old_hovel, layout_loops_ring, mainiacjoe_overflow_paths,
          mainiacjoe_overflow_tiny_flanked, minmay_overflow_temple_star_hex,
          uniq_jessica
D:4:      layout_basic, minmay_temple_entry_waves, minmay_manual_monolith
D:5:      layout_gridville, grunt_gozag_statues, kennysheep_flooded_box,
          uniq_edmund
D:6:      lemuel_insect_pit, layout_loops_ring
D:7:      layout_loops_ring, vehumet_crystals, corexii_item_surrounded_by_moat,
          minmay_splitting_lines, minmay_bent
D:8:      layout_gridville, minmay_lair_entry_grove, gammafunk_ghost_arena
D:9:      minmay_the_grid_triangle_9x9_recursive_2_mashed
          [minmay_the_grid_triangle_9x9_prize_top_heavy,
          minmay_the_grid_triangle_9x9_skeleton,
          minmay_the_grid_triangle_9x9_zippers_vertical,
          minmay_the_grid_triangle_9x9_descending_squares], layout_basic,
          chequers_temple_overflow_statue_of_worship, nicolae_elemental_shop
D:10:     layout_irregular_city, amcnicky_altar_gilded, serial_shops,
          nicolae_shop_crystal
D:11:     layout_rooms, nemelex_xobeh_ov_fountains_minmay, uniq_grum,
          uniq_nergalle
D:12:     layout_roguey, serial_co_window_serial, co_window_corner_a,
          co_window_paths_b, co_window_paths_a, co_window_paths_a,
          co_window_of_opportunity_a, co_window_paths_b,
          co_window_of_opportunity_a, co_window_corner_b,
          co_window_unsneaky_path_e, co_window_corner_cb, co_window_corner_ca,
          co_window_broadway_c, glass_columns_b
D:13:     layout_roguey [special_room_bee], david_vaults_3, minivault_8,
          uniq_rupert, uniq_erolcha
D:14:     gammafunk_beogh_shrine, layout_cave_pods,
          nicolae_concentric_dashed_squares_mild, xom_teletrap_fun
Temple:   jpeg_temple_alley_garden
Lair:1:   layout_misc_corridors, minmay_lair_oklob_items
Lair:2:   layout_cave_pods, nicolae_spider_entry_tight_spaces,
          grunt_megastairs_4, lemuel_fruit_fields, lemuel_fruit_tree,
          uniq_harold
Lair:3:   layout_hall_layers, minmay_lindwurm_lava, uniq_urug
Lair:4:   nzn_motion_control, layout_hall_layers,
          minmay_snake_entry_guardpost_small, grunt_forest_large_clearing_hut
Lair:5:   layout_misc_corridors
Lair:6:   hangedman_lair_tendril_chambers, layout_layer_cave,
          dpeg_slime_entry_corner, kilobyte_rumbling_trees, grunt_megastairs_5
Snake:1:  gammafunk_its_a_trap, layout_misc_corridors, uniq_louise, uniq_aizul
Snake:2:  layout_chambers, serial_shops, nicolae_shop_bloodbath_and_beyond
Snake:3:  layout_onion_interference, grunt_megastairs_2, uniq_asterion,
          uniq_kirke, uniq_bai_suzhen
Orc:1:    giant_chief_lemuel, layout_caves, portal_ice_cave_entry_ice_simulacra,
          uniq_fannar
Orc:2:    grunt_orc_community_town_hall, layout_diamond_mine,
          grunt_orc_community_big_house_2, grunt_orc_community_big_house_2,
          grunt_orc_community_house_1, grunt_orc_community_house_2,
          grunt_orc_community_house_3, grunt_orc_community_house_3,
          led_sif_book, uniq_donald, uniq_maurice

Skill      XL: |  1  2  3  4  5  6  7  8  9 10 11 12 13 14 15 16 17 |
---------------+----------------------------------------------------+-----
Spellcasting   | 4 5 6 8 10 11 13 14 16 17 | 17.4
Fighting       | 1 2 3 5 7 9 10 11 12 | 12.9
Invocations    | 2 3 6 8 9 10 11 13 | 13.1
Shields        | 1 4 5 7 |  7.7
Armour         | 2 6 |  6.6
Polearms       | |  0.2
Dodging        | |  2.1
Stealth        | |  1.5

Action                   |  1- 3 |  4- 6 |  7- 9 | 10-12 | 13-15 | 16-18 || total
-------------------------+-------+-------+-------+-------+-------+-------++-------
Melee: Dagger            |       |     2 |     1 |     8 |       |       ||    11
       Punch             |       |       |       |     1 |       |       ||     1
       Trident           |       |       |       |     5 |     7 |     1 ||    13
 Cast: Magic Dart        |    70 |    92 |   110 |    68 |   258 |   316 ||   914
       Searing Ray       |     2 |     2 |     1 |       |     1 |       ||     6
       Iskenderun's Myst |       |     3 |    76 |   175 |   288 |   155 ||   697
       Fulminant Prism   |       |     4 |    11 |    10 |     1 |     1 ||    27
       Summon Guardian G |       |       |     3 |     3 |     1 |       ||     7
       Animate Armour    |       |       |       |     2 |     2 |       ||     4
       Iskenderun's Batt |       |       |       |       |    65 |    59 ||   124
       Apportation       |       |       |       |       |     1 |     1 ||     2
       Iron Shot         |       |       |       |       |       |    16 ||    16
Invok: Draw Destruction  |       |       |       |     9 |     9 |    15 ||    33
       Draw Summoning    |       |       |       |     2 |     4 |     4 ||    10
       Draw Stack        |       |       |       |     4 |    16 |    25 ||    45
       Stack Five        |       |       |       |     1 |     3 |     5 ||     9
       Draw Escape       |       |       |       |       |     2 |     2 ||     4
       Triple Draw       |       |       |       |       |       |     1 ||     1
  Use: Scroll            |     1 |     8 |     7 |    10 |     3 |     5 ||    34
       Potion            |       |       |       |     2 |       |     3 ||     5
 Stab: Sleeping          |       |       |       |     1 |     1 |       ||     2
Armor: Robe              |     5 |     4 |     9 |    12 |       |       ||    30
       Troll leather arm |       |       |       |     9 |    32 |    28 ||    69
Dodge: Dodged            |    15 |    14 |    22 |    64 |    43 |    27 ||   185
Block: Buckler           |       |       |       |    12 |    34 |    53 ||    99
       Reflection        |       |       |       |       |     7 |    24 ||    31

Table legend: (Time is in decaauts)
 A = Elapsed time spent in this place.
 B = Non-inter-level travel time spent in this place.
 C = Inter-level travel time spent in this place.
 D = Time resting spent in this place.
 E = Time spent auto-exploring this place.
 F = Levels seen in this place.
 G = Mean time per level.
                   A        B        C        D        E       F      G
               +--------+--------+--------+--------+--------+-----+--------+
         Total |  35321 |  31367 |   3954 |   9049 |  17449 |  27 | 1308.2 |
       Dungeon |  20856 |  19961 |    895 |   5388 |  12196 |  14 | 1489.7 |
        Temple |    614 |    517 |     97 |    336 |    172 |   1 |  614.0 |
          Lair |   7962 |   6452 |   1510 |   1569 |   3616 |   6 | 1327.0 |
     Snake Pit |   3343 |   2902 |    441 |   1210 |   1184 |   3 | 1114.3 |
  Orcish Mines |   2176 |   1166 |   1010 |    350 |    281 |   2 | 1088.0 |
      Ice Cave |    369 |    369 |      0 |    196 |      0 |   1 |  369.0 |
               +--------+--------+--------+--------+--------+-----+--------+

Top non-repeatable levels by time:
     D:8: 2393 daAuts
     D:6: 2232 daAuts
 Snake:2: 2195 daAuts
  Lair:6: 2120 daAuts
     D:4: 2066 daAuts
     D:1: 1929 daAuts
     D:7: 1896 daAuts
     D:9: 1810 daAuts
  Lair:3: 1642 daAuts
  Lair:4: 1420 daAuts
     D:5: 1397 daAuts
     D:2: 1308 daAuts
    D:13: 1234 daAuts
   Orc:1: 1215 daAuts
  Lair:2: 1155 daAuts
